 Dungeon Crawl Stone Soup version 0.17-a0-1674-g2b13139 (webtiles) character file.

118275 Grimur the Severer (level 16, -1/155 HPs)
             Began as a Minotaur Berserker on Aug 18, 2015.
             Was the Champion of Trog.
             Slain by an anaconda (7 damage)
             ... on level 1 of the Snake Pit.
             The game lasted 02:51:09 (29836 turns).

Grimur the Severer (Minotaur Berserker)            Turns: 29836, Time: 02:51:12

Health: -1/155     AC: 29    Str: 26    XL:     16   Next: 25%
Magic:  15/15      EV: 10    Int:  5    God:    Trog [******]
Gold:   2498       SH:  0    Dex: 12    Spells: 0 memorised, 15 levels left

rFire  . . .     SeeInvis .     a - +9 executioner's axe (flame)
rCold  + . .     Clarity  .     P - +5 plate armour {rC+}
rNeg   + . .     SustAt   .     (no shield)
rPois  +         Gourm    .     (helmet restricted)
rElec  .         Spirit   .     x - +0 cloak
rCorr  .         Warding  .     (no gloves)
rMut   +         Stasis   .     m - +2 pair of boots
MR     +....                    C - amulet "Tosen" {rMut *Drain rPois Slay+5}
Stlth  ..........               H - ring of positive energy
                                y - ring of poison resistance

@: lethally poisoned (-1 -> -20), constricted, somewhat resistant to hostile
enchantments, extremely unstealthy
A: retaliatory headbutt, horns 2, slimy green scales 1
a: Burn Spellbooks, Berserk, Trog's Hand, Brothers in Arms, Renounce Religion


You were on level 1 of the Snake Pit.
You worshipped Trog.
Trog was exalted by your worship.
You were not hungry.

You visited 4 branches of the dungeon, and saw 28 of its levels.
You also visited: Bailey.

You collected 2798 gold pieces.
You spent 300 gold pieces at shops.

Inventory:

Hand weapons
 a - a +9 executioner's axe of flaming (weapon)
 u - the +6 battleaxe "Qoxo Fiu" {drain, -Tele Dex+4}
   (Trog gifted it to you on level 3 of the Lair of Beasts)

   A truly terrible weapon, it drains the life of those it strikes.
   It affects your dexterity (+4).
   It prevents most forms of teleportation.
 v - a +7 battleaxe of freezing
Missiles
 Z - 8 silver javelins (quivered)
Armour
 m - a +2 pair of boots (worn)
 w - a troll hide
 x - a +0 cloak (worn)
 P - a +5 plate armour of cold resistance (worn)
Jewellery
 e - an uncursed ring of teleportation
 h - an uncursed ring of ice
 y - a ring of poison resistance (left hand)
 C - the amulet "Tosen" (around neck) {rMut *Drain rPois Slay+5}
   (You found it on level 14 of the Dungeon)

   [amulet of resist mutation]

   It protects you from mutation.
   It affects your accuracy and damage with ranged weapons and melee attacks
   (+5).
   It protects you from poison.
   It causes draining when unequipped.
 G - an uncursed amulet of regeneration
 H - a ring of positive energy (right hand)
 K - an uncursed ring of sustain attributes
 M - an uncursed amulet of warding
Magical devices
 i - a wand of disintegration (12)
 k - a wand of polymorph (12)
 l - a wand of confusion (14)
 o - a wand of enslavement (9)
 s - a wand of digging (6)
 z - a wand of fire (0)
 B - a wand of fireball (4)
 D - a wand of lightning (0)
 E - a wand of polymorph (8)
 R - a wand of draining (2)
 U - a wand of slowing (12)
 W - a wand of frost (22)
 Y - a wand of disintegration (6)
Scrolls
 b - 2 scrolls of blinking
 r - a scroll of enchant armour
 I - 5 scrolls of teleportation
 J - 9 scrolls of enchant weapon
 L - 3 scrolls of summoning
 O - a scroll of identify
 V - 2 scrolls of fog
 X - 4 scrolls of magic mapping
Potions
 d - 2 potions of invisibility
 j - 3 potions of haste
 n - 7 potions of flight
 q - 2 potions of brilliance
 A - a potion of might
 N - 5 potions of curing
Comestibles
 c - 18 bread rations
 f - 10 meat rations
 g - a royal jelly
 F - 2 beef jerkies
 Q - 6 slices of pizza
 T - 36 fruits


   Skills:
 + Level 17.1 Fighting
 * Level 20.8 Axes
 * Level 16.3 Armour
 + Level 11.2 Dodging


You had 15 spell levels left.
You didn't know any spells.

Dungeon Overview and Level Annotations

Branches:
Dungeon (15/15)            Temple (0/1) D:4            Lair (8/8) D:8
 Shoals (0/4) Lair:3        Snake (1/4) Lair:4        Slime (0/6) Lair:8
    Orc (4/4) D:12            Elf (0/3) Orc:4        Vaults (0/5) D:13
 Depths (0/5) D:15

Altars:
Ashenzari
Elyvilon
Kikubaaqudgha
Makhleb
Ru
Xom
Yredelemnul
Beogh

Shops:
D:11 [=   D:13 ?   D:15 *   Orc:4 ([:*

Portals:
Trove: D:12 (lose all piety)

Annotations:
D:11 shopringpois
D:12 glowingquarterstaffgift
Lair:1 exclusion: 3 oklob plants
Lair:2 Stash
Lair:7 godgift, exclusion: oklob plant
Lair:8 arrows+bow
Orc:1 godgift
Orc:4 ggift


Innate Abilities, Weirdness & Mutations

You reflexively headbutt those who attack you in melee.
You have a pair of horns on your head.
You are partially covered in slimy green scales (AC +2).


Message History

You closely miss the naga. You slash the salamander mystic!
The salamander mystic is lightly wounded.
You slash the anaconda! You burn the anaconda.
The anaconda is almost dead.
You barely miss the naga. You slice the naga ritualist!!
You burn the naga ritualist!
The naga ritualist is heavily wounded.
Your plate armour prevents you from hitting the black mamba.
The black mamba is severely wounded.
You hit the salamander but do no damage.
The salamander is moderately wounded.
* * * LOW HITPOINT WARNING * * *
You are more poisoned.
The black mamba bites you.
* * * LOW HITPOINT WARNING * * *
You are lethally poisoned!
The black mamba poisons you!
The naga mage hits you but does no damage.
The anaconda bites you!
You die...

##.......##
#.........#
#.........#
#.........#
#.........#
#.........###
##..SNN......
#...†@SNN.#
#...NNNN..#
#......N..#
#...........#
#.........#.#
..#.......##
.
##........##
.##.######


You could see a salamander mystic, 2 salamanders, an anaconda, a naga ritualist,
a black mamba, a naga mage and 4 nagas.

Vanquished Creatures
  Gastronok (D:9)
  A frost giant (D:14)
  An orc warlord (Orc:4)
  Maud (D:10)
  Azrael (D:15)
  5 vault guards (D:13)
  2 fire dragons
  7 hydras
  An ice dragon (D:15)
  A naga warrior (Lair:4)
  3 catoblepae (Lair:8)
  5 centaur warriors
  Erica (D:8)
  The ghost of Uberwunderbarhen the Nimble, a powerful OpFi of Cheibriados (D:11)
  A queen ant (Lair:7)
  2 orc high priests (Orc:4)
  15 death yaks (Lair:8)
  2 tengu warriors
  A deep troll earth mage (D:14)
  A spriggan (Lair:2)
  A shock serpent (Snake:1)
  Sonja (D:15)
  An unseen horror (shapeshifter) (D:13)
  The ghost of ololoev the Cruncher, an experienced DrCK of Xom (D:8)
  15 skeletal warriors
  11 hill giants
  Pikel (D:3)
  6 orc knights
  2 orc sorcerers (Orc:4)
  5 ugly things
  3 cyclopes
  3 elephants (Lair:5)
  6 black mambas
  4 gargoyles
  A torpor snail (Lair:4)
  A kobold demonologist (D:13)
  11 komodo dragons
  10 spiny frogs
  A fire drake (D:8)
  6 trolls
  A jumping spider (shapeshifter) (D:15)
  4 tengu conjurers
  2 polar bears (Lair:7)
  2 two-headed ogres (D:10)
  A harpy skeleton (D:14)
  4 blink frogs (Lair:7)
  A boulder beetle (Lair:8)
  A snapping turtle (Lair:3)
  A trapdoor spider (D:14)
  49 yaks
  4 hungry ghosts
  2 humans
  2 shadows
  A steam dragon (D:7)
  3 fire elementals (D:15)
  5 wargs
  A wyvern (D:13)
  2 basilisks
  A mottled dragon (D:13)
  8 hippogriffs
  10 vampire mosquitoes
  5 nagas (Lair:4)
  7 water moccasins
  4 soldier ants (Lair:7)
  4 hell hounds (D:15)
  8 wolves
  14 porcupines
  Duvessa (D:4)
  3 sky beasts
  5 ice beasts
  33 orc warriors
  A slave (D:3)
  A black bear (Lair:3)
  10 ogres
  A necrophage (D:11)
  An eye of draining (D:12)
  A wasp (Lair:2)
  29 centaurs
  10 crocodiles
  9 big kobolds
  2 wyvern zombies
  23 giant frogs
  3 scorpions
  Dowan (D:4)
  5 wights (D:13)
  A water moccasin skeleton (D:6)
  5 killer bees (D:11)
  2 quasits (D:9)
  4 electric eels
  7 crimson imps
  4 centaur zombies
  13 orc priests
  A giant frog skeleton (D:8)
  3 hounds
  26 orc wizards
  4 jellies
  5 centaur skeletons
  21 worker ants
  8 iguanas
  17 sheep
  2 killer bee zombies
  2 hound zombies (D:4)
  2 hound skeletons
  3 worker ant zombies
  14 adders
  9 gnolls
  2 shadow imps
  58 river rats
  3 adder zombies
  5 oozes
  A worm (D:3)
  An adder skeleton (D:3)
  135 orcs
  7 bats
  11 goblins
  5 hobgoblins
  15 jackals
  A quokka (D:4)
  A ball python (D:1)
  10 giant cockroaches
  A giant cockroach zombie (D:4)
  3 giant geckos (D:6)
  11 giant newts
  A jackal zombie (D:4)
  70 kobolds
  2 quokka skeletons
  2 quokka zombies (D:4)
  12 rats
  7 fungi
  5 plants
951 creatures vanquished.

Vanquished Creatures (others)
  A centaur skeleton (D:15)
  A slave (D:4)
  A scorpion (D:4)
  A crimson imp (D:4)
  An orc (D:4)
  A giant cockroach (D:3)
  4 kobolds (D:4)
  A quokka (D:3)
  6 fungi
  7 plants
24 creatures vanquished.

Grand Total: 975 creatures vanquished

Notes
Turn   | Place    | Note
--------------------------------------------------------------
     0 | D:1      | Grimur the Minotaur Berserker began the quest for the Orb.
     0 | D:1      | Reached XP level 1. HP: 19/19 MP: 0/0
    29 | D:1      | Reached skill level 4 in Fighting
    32 | D:1      | Reached XP level 2. HP: 20/27 MP: 1/1
   598 | D:1      | Reached skill level 8 in Fighting
   598 | D:1      | Reached skill level 5 in Armour
   598 | D:1      | Reached XP level 3. HP: 30/40 MP: 2/2
   922 | D:2      | Acquired Trog's second power
   922 | D:2      | Reached XP level 4. HP: 37/48 MP: 3/3
  1801 | D:2      | Reached XP level 5. HP: 54/56 MP: 4/4
  2124 | D:3      | Found a white marble altar of Elyvilon.
  2679 | D:4      | Noticed Pikel
  2679 | D:4      | Noticed a slave
  2681 | D:4      | Noticed a slave
  2683 | D:4      | Noticed a slave
  2685 | D:4      | Noticed a slave
  2690 | D:3      | Killed a slave
  2696 | D:3      | Killed Pikel
  2696 | D:3      | Reached skill level 9 in Fighting
  2696 | D:3      | Reached XP level 6. HP: 64/64 MP: 5/5
  2696 | D:3      | Reached XP level 7. HP: 70/70 MP: 6/6
  2977 | D:4      | Noticed Duvessa
  2979 | D:4      | Noticed Dowan
  2986 | D:4      | Killed Dowan
  2989 | D:4      | Killed Duvessa
  2989 | D:4      | Reached skill level 10 in Axes
  3017 | D:4      | Acquired Trog's third power
  3020 | D:4      | Reached skill level 10 in Fighting
  3022 | D:4      | Reached XP level 8. HP: 79/79 MP: 7/7
  3111 | D:4      | Killed a freed slave
  3141 | D:4      | Noticed an ogre
  3145 | D:4      | Killed an ogre
  3380 | D:4      | Found a shimmering altar of Xom.
  3443 | D:4      | Found a staircase to the Ecumenical Temple.
  3906 | D:5      | Entered Level 5 of the Dungeon
  4219 | D:5      | Reached skill level 11 in Axes
  4371 | D:5      | Reached XP level 9. HP: 86/86 MP: 8/8
  4964 | D:6      | Received a gift from Trog
  5344 | D:7      | Found a shattered altar of Ashenzari.
  5346 | D:7      | Found a sacrificial altar of Ru.
  5346 | D:7      | Found an ancient bone altar of Kikubaaqudgha.
  5346 | D:7      | Found a basalt altar of Yredelemnul.
  6294 | D:8      | Noticed Erica
  6325 | D:8      | HP: 2/89 [something (4)]
  6342 | D:8      | Killed Erica
  6342 | D:8      | Reached skill level 12 in Axes
  6342 | D:8      | Reached XP level 10. HP: 7/97 MP: 9/9
  6807 | D:8      | Noticed ololoev's ghost (experienced DrCK)
  6815 | D:8      | Killed ololoev's ghost
  6883 | D:8      | Found a staircase to the Lair.
  6884 | D:8      | Noticed a fire drake
  6889 | D:8      | Killed a fire drake
  7119 | D:8      | Reached skill level 5 in Dodging
  7540 | D:9      | Reached skill level 13 in Axes
  7569 | D:9      | Noticed Gastronok
  7580 | D:9      | Killed Gastronok
  7580 | D:9      | Reached XP level 11. HP: 47/105 MP: 10/10
  8142 | D:10     | Entered Level 10 of the Dungeon
  8188 | D:10     | Found a flagged portal.
  8193 | D:10     | Received a gift from Trog
  8295 | Bailey   | Entered a bailey
  8703 | Bailey   | Gained mutation: You are partially covered in slimy green scales (AC +2). [potion of beneficial mutation]
  8864 | D:10     | Noticed Maud
  8872 | D:10     | Killed Maud
  8872 | D:10     | Reached skill level 14 in Axes
  9054 | D:10     | Reached skill level 15 in Axes
  9054 | D:10     | Reached skill level 10 in Armour
  9054 | D:10     | Reached XP level 12. HP: 113/115 MP: 11/11
  9420 | D:10     | You fall through a shaft!
  9953 | D:10     | Received a gift from Trog
 10043 | D:11     | Found Gemnyggadgh's Armour Shop.
 10317 | D:11     | Reached skill level 16 in Axes
 10861 | D:11     | Found Anwuokei's Jewellery Shoppe.
 10862 | D:11     | Noticed Uberwunderbarhen's ghost (powerful OpFi)
 10871 | D:11     | Killed Uberwunderbarhen's ghost
 11184 | D:12     | Reached XP level 13. HP: 118/124 MP: 12/12
 11491 | D:12     | Found a portal to a secret trove of treasure.
 11940 | D:12     | Found a staircase to the Orcish Mines.
 11947 | D:12     | Found a roughly hewn altar of Beogh.
 12244 | D:12     | Received a gift from Trog
 12333 | D:13     | Found Leaqimab's Magic Scroll Shoppe.
 13039 | D:13     | Reached skill level 17 in Axes
 13489 | D:13     | Found a gate to the Vaults.
 14048 | D:13     | Received a gift from Trog
 14243 | D:14     | Noticed a frost giant
 14258 | D:14     | Killed a frost giant
 14741 | D:11     | Bought an uncursed ring of poison resistance for 300 gold pieces
 14929 | Lair:1   | Entered Level 1 of the Lair of Beasts
 14979 | Lair:1   | Reached XP level 14. HP: 133/133 MP: 13/13
 15253 | Lair:1   | Reached skill level 15 in Fighting
 15260 | Lair:1   | Reached skill level 18 in Axes
 16237 | Lair:2   | Reached skill level 10 in Dodging
 17081 | Lair:3   | Received a gift from Trog
 17084 | Lair:3   | Got a crude battleaxe {god gift}
 17085 | Lair:3   | Identified the +6 battleaxe "Qoxo Fiu" {drain, -Tele Dex+4} (Trog gifted it to you on level 3 of the Lair of Beasts)
 17634 | Lair:3   | Found a staircase to the Shoals.
 18026 | Lair:4   | Found a staircase to the Snake Pit.
 18981 | Lair:5   | Found a frozen archway.
 19158 | Lair:5   | Received a gift from Trog
 20969 | Lair:7   | Received a gift from Trog
 21053 | Lair:7   | Reached skill level 19 in Axes
 22280 | Lair:8   | Entered Level 8 of the Lair of Beasts
 22311 | Lair:8   | Found a staircase to the Slime Pits.
 22323 | Lair:8   | Received a gift from Trog
 22348 | Lair:8   | Reached XP level 15. HP: 143/143 MP: 14/14
 24328 | Orc:1    | Entered Level 1 of the Orcish Mines
 24369 | Orc:1    | Received a gift from Trog
 24544 | Orc:2    | Found a roughly hewn altar of Beogh.
 24929 | Orc:3    | Reached skill level 15 in Armour
 25454 | Orc:4    | Entered Level 4 of the Orcish Mines
 25529 | Orc:4    | Found Mous's Antique Armour Emporium.
 25537 | Orc:4    | Reached skill level 20 in Axes
 25636 | Orc:4    | Found a staircase to the Elven Halls.
 25649 | Orc:4    | Found Geleq's Antique Weapon Shoppe.
 25937 | Orc:4    | Found Cuizamerph's Book Emporium.
 26090 | Orc:4    | Received a gift from Trog
 26091 | Orc:4    | Found Esoguil's General Store.
 26203 | Orc:4    | Paralysed by an orc sorcerer for 2 turns
 27086 | D:14     | Got a coiled lead amulet
 27088 | D:14     | Identified the amulet "Tosen" {rMut *Drain rPois Slay+5} (You found it on level 14 of the Dungeon)
 28008 | D:15     | Entered Level 15 of the Dungeon
 28075 | D:15     | Received a gift from Trog
 28081 | D:15     | Noticed Sonja
 28084 | D:15     | Killed Sonja
 28569 | D:15     | Reached XP level 16. HP: 154/154 MP: 15/15
 28581 | D:15     | Noticed Azrael
 28592 | D:15     | Killed Azrael
 28673 | D:15     | Found a burning altar of Makhleb.
 28686 | D:15     | Found Daduwnuy's Assorted Antiques.
 28994 | D:15     | Found a staircase to the Depths.
 29823 | Snake:1  | Entered Level 1 of the Snake Pit
 29836 | Snake:1  | HP: 7/155 [naga ritualist/Olgreb's Toxic Radiance (1)]
 29836 | Snake:1  | Slain by an anaconda

Vault maps used:
D:1:      dpeg_arrival_line_fractal
D:2:      lemuel_upstairs_altar, uniq_crazy_yiuf_cottage
D:3:      elyvilon_altar_4, first_bread
D:4:      minmay_goblin_kobold_castle, overflow_temple_1_default, serial_undead,
          serial_undead_e, serial_undead_a, serial_undead_b, serial_undead_b,
          uniq_pikel, uniq_duvessa
D:6:      minmay_lizard_king
D:7:      grunt_temple_overflow_open
D:8:      minmay_lair_entry_lava, uniq_erica
D:9:      uniq_gastronok
D:10:     enter_bailey_2, grunt_pizzeria, uniq_maud
D:11:     serial_shops, shop_statue, kennysheep_mini, minmay_misc_feat_square,
          eino_tiny_chamber
D:12:     minmay_orc_entry_temple_small, trove_entry_hex_spiral
D:13:     grunt_vaults_entry_fortified, serial_shops, shop, corexii_corridor_pit
D:14:     kennysheep_nub, minmay_radiant
D:15:     grunt_enter_depths_hoard, serial_shops, shop, lemuel_crystal_altar,
          uniq_sonja, uniq_azrael
Lair:1:   minmay_lair_oklob_chamber, serial_bayou_shore_b, grunt_megastairs_3,
          serial_bayou_shore_a
Lair:2:   grunt_forest_large_clearings, grunt_megastairs_4,
          infiniplex_staircase_pool
Lair:3:   minmay_shoals_entry_hut, serial_bayou_lagoon_a, serial_bayou_shore_b,
          infiniplex_staircase_pool_2, grunt_megastairs_2, lemuel_fruit_tree,
          serial_bayou_shore_b
Lair:4:   minmay_snake_entry_guardpost_large, grunt_megastairs_1
Lair:5:   portal_ice_cave_entry_pillars_03, minivault_26, serial_bayou_shore_b
Lair:6:   grunt_forest_small_clearings, bh_autumn_forest_stairs,
          lemuel_fruit_fields
Lair:7:   minmay_another_anthill
Lair:8:   evilmike_catoblepas_cave, nicolae_slime_entry_slimehenge,
          serial_bayou_pond_e
Snake:1:  nicolae_snake_salamander_stairs
Orc:2:    cheibrodos_orc_bank, enter_volcano_1, basic_altar, serial_shops,
          nicolae_shop_behind_doors, kennysheep_orc_chapel, uniq_josephine
Orc:3:    giant_chief_lemuel, nicolae_orc_pool_cavern
Orc:4:    grunt_orc_gardens, grunt_orc_garden, grunt_orc_garden,
          grunt_orc_garden, grunt_orc_garden, nicolae_orc_flooded_monolith
Bailey:   bailey_polearm_5, bailey

Action                   |  1- 3 |  4- 6 |  7- 9 | 10-12 | 13-15 | 16-18 || total
-------------------------+-------+-------+-------+-------+-------+-------++-------
Melee: Hand axe          |    41 |    91 |   111 |       |       |       ||   243
       War axe           |       |       |   116 |       |       |       ||   116
       Executioner's axe |       |       |    51 |   221 |   913 |    64 ||  1249
Throw: Tomahawk          |       |       |       |     5 |       |       ||     5
       Javelin           |       |       |       |       |     2 |       ||     2
Invok: Berserk           |       |     4 |     4 |     7 |     7 |     2 ||    24
       Burn Spellbooks   |       |       |     1 |       |     6 |       ||     7
       Trog's Hand       |       |       |     1 |       |     1 |       ||     2
 Abil: Evoke Teleportati |       |     1 |       |       |       |       ||     1
Evoke: Wand              |       |       |       |       |    21 |     7 ||    28
  Use: Potion            |     3 |     3 |     4 |     2 |     6 |     4 ||    22
       Scroll            |     2 |     5 |     8 |    15 |    12 |       ||    42
 Stab: Invisible         |       |       |       |     2 |       |       ||     2
  Eat: Chunk             |       |     9 |    13 |    15 |    29 |       ||    66
       Pizza             |       |       |     1 |     1 |     7 |       ||     9
       Meat ration       |       |       |     1 |     1 |     4 |     1 ||     7
       Royal jelly       |       |       |       |     1 |     1 |       ||     2
       Fruit             |       |       |       |       |     4 |       ||     4
       Beef jerky        |       |       |       |       |     1 |       ||     1
       Bread ration      |       |       |       |       |       |     1 ||     1
